AoeStats
← Jongboog

Nomad

509615037Analyzed
3v3 RM · 6d ago on Sep 27, 2026· 50m 8s· 6 players
Game mode
Random Map
Map size
210×210
Population
200
Speed
Normal
Resources
Standard
Victory
Conquest
Starting age
Dark Age
Ending age
Imperial Age
RankedLock teamsTeams togetherTeam positionsShared explorationLock speedFull tech treeHidden civsTurbo modeCheats
Victory
Defeat
🇷🇺 Shu · Russia
1244
+15
🇭🇺 Malay · Hungary
1239
+15
🇿🇦 Poles · South Africa
1195
+17
🇯🇵 Vietnamese · Japan
1237
-16
🇯🇵 Italians · Japan
1230
-16
🇯🇵 Persians · Japan
1197
-15
yamaguchi
3:48 Loom
12:48 Feudal Age
14:03 Fishing Lines
15:34 Double-Bit Axe
17:49 Gold Mining
17:49 Stone Mining
17:58 Stone Mining
20:37 Castle Age
21:22 Scale Barding Armor
21:46 Bow Saw
23:05 Gillnets
23:39 Bloodlines
23:29 Husbandry
25:07 Wheelbarrow
25:33 Horse Collar
26:38 Heavy Plow
32:26 Imperial Age
30:37 Chain Barding Armor
30:28 Forging
31:52 Hand Cart
33:22 Plate Barding Armor
33:27 Iron Casting
32:37 Cavalier
33:58 Savar
34:40 Fletching
Jirai Dandy
6:34 Loom
13:41 Feudal Age
14:40 Double-Bit Axe
15:22 Fletching
18:36 Gold Mining
20:47 Castle Age
22:16 Medium Warships
22:25 Bow Saw
25:05 Imperial Age
25:15 Horse Collar
26:46 Chemistry
25:48 Padded Archer Armor
27:04 Leather Archer Armor
34:26 Town Watch
35:32 Elite Skirmisher
yake0213
4:28 Loom
13:30 Feudal Age
14:02 Fishing Lines
21:01 Castle Age
18:50 Double-Bit Axe
20:19 Horse Collar
22:42 Bow Saw
22:37 Heavy Plow
24:01 Stone Mining
24:03 Gold Mining
26:39 Gillnets
28:03 Wheelbarrow
27:51 Thumb Ring
28:42 Stone Shaft Mining
32:43 Ballistics
32:56 Hand Cart
33:42 Fletching
33:52 Padded Archer Armor
34:47 Bodkin Arrow
37:44 Imperial Age
35:34 Leather Archer Armor
38:34 Bracer
39:04 Ring Archer Armor
39:11 Ring Archer Armor
39:44 Two-Man Saw
40:13 Crop Rotation
39:45 Elite Rattan Archer
42:00 Chemistry
41:23 Scale Barding Armor
41:29 Forging
42:01 Bloodlines
41:51 Husbandry
42:59 Chain Barding Armor
43:26 Town Watch
44:36 Elite Battle Elephant
46:05 Hoardings
46:10 Plate Barding Armor
47:32 Chatras
48:47 Stone Shaft Mining
49:54 Iron Casting
Unlucky
10:23 Loom
14:01 Feudal Age
15:02 Fishing Lines
18:52 Castle Age
19:20 Wheelbarrow
18:41 Double-Bit Axe
20:03 Wheelbarrow
19:44 Gillnets
22:00 Scale Mail Armor
22:30 Bow Saw
23:11 Stone Mining
24:23 Hand Cart
23:59 Town Watch
24:38 Horse Collar
25:27 Gold Mining
26:30 Heavy Plow
26:51 Fletching
28:53 Chain Mail Armor
32:47 Imperial Age
30:42 Forging
31:28 Squires
31:14 Arson
32:53 Elite White Feather Guard
33:54 Conscription
34:15 Plate Mail Armor
33:40 Bodkin Arrow
38:25 Ballistics
39:05 Chemistry
38:22 Bracer
38:23 Padded Archer Armor
40:53 Bolt Magazine
42:02 Coiled Serpent Array
peterbrny
11:08 Loom
13:29 Feudal Age
14:33 Double-Bit Axe
15:02 Fishing Lines
20:22 Castle Age
19:07 Stone Mining
19:08 Gold Mining
19:40 Gold Mining
20:31 Medium Warships
21:08 Bow Saw
22:43 Stone Shaft Mining
22:43 Gold Shaft Mining
27:03 Gillnets
30:06 Wheelbarrow
29:24 Horse Collar
33:16 Imperial Age
31:55 Hand Cart
33:48 Forging
33:39 Elite Karambit Warrior
34:28 Squires
34:13 Arson
35:21 Iron Casting
39:16 Blast Furnace
45:11 Ballistics
44:57 Siege Engineers
45:53 Chemistry
48:15 Heavy Plow
48:56 Gold Shaft Mining
48:56 Stone Shaft Mining
Jongboog
12:04 Loom
14:50 Feudal Age
16:01 Horse Collar
17:59 Double-Bit Axe
20:37 Bloodlines
23:38 Wheelbarrow
23:20 Forging
23:16 Scale Barding Armor
27:23 Castle Age
25:56 Gold Mining
28:37 Husbandry
27:58 Light Cavalry
30:56 Chain Barding Armor
31:12 Iron Casting
31:42 Szlachta Privileges
Connection lost

Rejoining the realm…

Still unreachable

The connection could not be restored.

Session expired

The server has moved on; the page needs a fresh start.